 Dungeon Crawl Stone Soup version 0.23.2-33-g5129a83184 (console) character file.

Game seed: 1896357708743304351

156 FlyingSalmon the Poker (level 5, -1/41 HPs)
             Began as a Merfolk Gladiator on July 27, 2019.
             Slain by Crazy Yiuf
             ... wielding a +2 quarterstaff of chaos
              (2 damage)
             ... while paralysed by Crazy Yiuf
             ... on level 3 of the Dungeon.
             The game lasted 00:08:23 (2697 turns).

FlyingSalmon the Poker (Merfolk Gladiator)          Turns: 2697, Time: 00:08:24

Health: -1/41      AC: 11    Str: 15    XL:     5   Next: 38%
Magic:  5/5        EV:  2    Int:  7    God:
Gold:   72         SH:  0    Dex: 16    Spells: 4/4 levels left

rFire    . . .     SeeInvis .   a - +0 trident
rCold    . . .     Gourm    .   (no shield)
rNeg     . . .     Faith    .   j - +0 chain mail
rPois    .         Spirit   .   c - +0 helmet
rElec    .         Reflect  .   n - +0 cloak
rCorr    .         Harm     .   (no gloves)
MR       .....                  v - +0 pair of boots
Stlth    ..........             (no amulet)
HPRegen  0.13/turn              (no ring)
MPRegen  0.09/turn              (no ring)

@: paralysed, lethally poisoned (-1 -> -4), drained
A: change form in water, swift swim, stealthy swim
a: no special abilities


You were on level 3 of the Dungeon.
You were not hungry.

You visited 1 branch of the dungeon, and saw 3 of its levels.

You collected 72 gold pieces.

Inventory:

Hand Weapons
 a - a +0 trident (weapon)
Missiles
 d - 2 throwing nets
 r - 62 stones (quivered)
Armour
 b - a +0 leather armour
 c - a +0 helmet (worn)
 g - a +0 plate armour
 i - a +0 ring mail
 j - a +0 chain mail (worn)
 n - a +0 cloak (worn)
 v - a +0 pair of boots (worn)
Jewellery
 q - a cursed ring of teleportation {unknown}
Scrolls
 e - a scroll of remove curse
 p - a scroll of enchant weapon {unknown}
 u - a scroll of enchant armour {unknown}
Potions
 m - a potion of heal wounds {unknown}
 s - a potion of curing
 t - a potion of mutation {unknown}
Comestibles
 f - 8 rations


   Skills:
 + Level 3.5(2.5) Fighting
 + Level 5.7(4.7) Polearms
 - Level 2.0(1.0) Throwing
 + Level 1.4(0.5) Armour
 + Level 5.2(4.2) Dodging


You had 4 spell levels left.
You didn't know any spells.
Your spell library was empty.

Dungeon Overview and Level Annotations

Branches:
Dungeon (3/15)

Altars:
Dithmenos
Trog
Wu Jian

Annotations:
D:3 Crazy Yiuf


Message History

Crazy Yiuf is almost dead.
You feel sick.
Crazy Yiuf hits you with a +2 quarterstaff of chaos.
* * * LOW HITPOINT WARNING * * *
Crazy Yiuf freezes you.
* * * LOW HITPOINT WARNING * * *
You closely miss Crazy Yiuf.
Crazy Yiuf is almost dead.
Crazy Yiuf barely misses you.
Your chain mail prevents you from hitting Crazy Yiuf.
Crazy Yiuf is almost dead.
* * * LOW HITPOINT WARNING * * *
You feel sick. Crazy Yiuf hits you but does no damage.
You suddenly lose the ability to move!
Crazy Yiuf hits you with a +2 quarterstaff of chaos.
* * * LOW HITPOINT WARNING * * *
* * * LOW HITPOINT WARNING * * *
You feel sick.
Crazy Yiuf hits you with a +2 quarterstaff of chaos.
You die...

#..#
#..).........#.
#..##########
#...#..........
#.....).....#
##.##.#########
##.##########
###### #.########
#........##♣♣♣♣♣
#######.#....♣.♣♣♣
####
#......g♣..♣#...#
#.....@♣♣♣♣.'...#
##....♣♣ ♣♣#..)#
####♣♣ ####


You could see Crazy Yiuf.

Vanquished Creatures
  2 orc wizards (D:3)
  2 adders (D:2)
  2 oozes
  3 worms
  A dart slug (D:1)
  4 leopard geckos
  6 orcs (D:3)
  2 giant cockroaches
  2 goblins
  7 hobgoblins
  8 kobolds
  6 bats
  11 frilled lizards
  7 rats
63 creatures vanquished.

Notes
Turn   | Place    | Note
-------+----------+-------------------------------------------
     0 | D:1      | FlyingSalmon the Merfolk Gladiator began the quest for the
                  | Orb.
     0 | D:1      | Reached XP level 1. HP: 16/16 MP: 1/1
    90 | D:1      | Reached XP level 2. HP: 23/23 MP: 2/2
   613 | D:2      | Reached skill level 5 in Polearms
   613 | D:2      | Reached XP level 3. HP: 14/28 MP: 3/3
  1112 | D:2      | Found a shadowy altar of Dithmenos.
  1251 | D:2      | Reached skill level 1 in Armour
  1251 | D:2      | Reached XP level 4. HP: 18/35 MP: 4/4
  1522 | D:2      | Found an ornate altar of the Wu Jian Council.
  2038 | D:3      | Reached skill level 5 in Dodging
  2081 | D:3      | Reached XP level 5. HP: 21/41 MP: 5/5
  2262 | D:3      | Found a bloodstained altar of Trog.
  2428 | D:3      | Found a runed translucent door.
  2429 | D:3      | Noticed Crazy Yiuf
  2688 | D:3      | HP: 1/41 [Crazy Yiuf/+2 quarterstaff of chaos (2)]
  2695 | D:3      | Paralysed by Crazy Yiuf for 7 turns
  2696 | D:3      | HP: 2/41 [Crazy Yiuf/+2 quarterstaff of chaos (1)]
  2697 | D:3      | Slain by Crazy Yiuf

Skill      XL: |  1  2  3  4 |
---------------+-------------+-----
Polearms       | 5 |  5.7
Fighting       | 3 |  3.5
Armour         | 1 |  1.4
Dodging        | 5 |  5.2
Throwing       | |  2.0

Action                   |  1- 3 |  4- 6 || total
-------------------------+-------+-------++-------
Melee: Trident           |   113 |   196 ||   309
Throw: Throwing net      |     1 |       ||     1
  Use: Scroll            |       |     7 ||     7
       Potion            |       |     1 ||     1
  Eat: Chunk             |     1 |     5 ||     6
Armor: Leather armour    |     2 |       ||     2
       Plate armour      |    49 |    97 ||   146
       Ring mail         |     6 |       ||     6
       Chain mail        |       |     7 ||     7
Dodge: Dodged            |    46 |    35 ||    81
